 Dungeon Crawl Stone Soup version 0.30-a0-613-gdd512c7efb (webtiles) character file.

Game seed: 5898672915284249971

20 acebull12 the Poker (level 2, -2/22 HPs)
             Began as a Demonspawn Gladiator on Jan 8, 2023.
             Was an Initiate of Ashenzari.
             Slain by a gnoll
             ... wielding a +0 flail
              (7 damage)
             ... on level 1 of the Dungeon.
             The game lasted 00:02:28 (682 turns).

acebull12 the Poker (Demonspawn Gladiator)           Turns: 682, Time: 00:02:28

Health: -2/22      AC:  6    Str: 14    XL:     2   Next: 58%
Magic:  2/2        EV: 11    Int:  9    God:    Ashenzari [......]
Gold:   17         SH:  0    Dex: 14    Spells: 1/1 levels left

rFire   . . .      SeeInvis .    a - +0 trident
rCold   . . .      Faith    .    (no shield)
rNeg    . . .      Spirit   .    g - +0 ring mail
rPois   .          Reflect  .    (helmet restricted)
rElec   .          Harm     .    c - +0 cloak
rCorr   .          Rampage  .    (no gloves)
Will    .....                    (no boots)
Stlth   +                        (no amulet)
HPRegen 0.23/turn                (no ring)
MPRegen 0.08/turn                (no ring)

@: no status effects
A: antennae 1
a: Renounce Religion, Curse Item


You were on level 1 of the Dungeon.
You worshipped Ashenzari.
Ashenzari was noncommittal.
You visited 1 branch of the dungeon, and saw 1 of its levels.

You collected 17 gold pieces.

Inventory:

Hand Weapons
 a - a +0 trident (weapon)
Missiles
 d - 3 throwing nets (quivered)
 e - a javelin
Armour
 c - a +0 cloak (worn)
 g - a +0 ring mail (worn)
Jewellery
 h - a ring of protection from cold
Scrolls
 b - 2 scrolls of immolation {unknown}
 i - a scroll of blinking {unknown}
Potions
 f - a potion of mutation {unknown}


   Skills:
 * Level 2.1 Fighting
 + Level 3.1 Polearms
 - Level 1.9 Throwing
 + Level 0.1 Armour
 + Level 3.0 Dodging


You had one spell level left.
You didn't know any spells.
Your spell library was empty.

Dungeon Overview and Level Annotations

Branches:
Dungeon (1/15)

Altars:
Ashenzari

Shops:
D:1 (


Innate Abilities, Weirdness & Mutations

You have a pair of small antennae on your head.


Message History

The hobgoblin is almost dead.
The hobgoblin hits you but does no damage.
You closely miss the hobgoblin.
The hobgoblin is almost dead.
The hobgoblin hits you but does no damage.
You barely miss the hobgoblin.
The hobgoblin is almost dead.
The hobgoblin hits you.
You hit the hobgoblin.
You kill the hobgoblin!
You barely miss the gnoll. Your punch misses the gnoll.
The gnoll barely misses you.
You closely miss the gnoll. The gnoll hits you with a +0 flail.
The gnoll hits you but does no damage.
You closely miss the gnoll. You punch the gnoll, but do no damage.
The gnoll barely misses you.
You hit the gnoll.
The gnoll is heavily wounded.
The gnoll hits you with a +0 flail.
You hit the gnoll.
The gnoll is heavily wounded.
The gnoll barely misses you.
You hit the gnoll.
The gnoll is severely wounded.
The gnoll hits you with a +0 flail.
You barely miss the gnoll.
The gnoll is heavily wounded.
The gnoll hits you with a +0 flail.
You hit the gnoll.
The gnoll is almost dead.
The gnoll hits you but does no damage.
You barely miss the gnoll.
The gnoll is almost dead.
The gnoll hits you with a +0 flail!
* * * LOW HITPOINT WARNING * * *
The gnoll misses you.
You hit the gnoll but do no damage.
The gnoll is almost dead.
The gnoll hits you with a +0 flail!
You die...

#### ##### ###.....
......###### .......g
......g@)..# ....
..#.#### #####.####.##
....... #.#.# #.
#....# ....... #.#.#
#.#.##.######.......##
#.#.# ####. ##...#
##.........# ....#
#...
#.##.####...........
#.#.# #.#
#..##...#............
#.#.# #.#
##.####..............
#.#.# #.# ##.##
###............


You could see a gnoll.

Vanquished Creatures
  2 dart slugs (D:1)
  A ball python (D:1)
  5 goblins (D:1)
  2 hobgoblins (D:1)
  2 kobolds (D:1)
  3 rats (D:1)
15 creatures vanquished.

Notes
Turn   | Place    | Note
-------+----------+-------------------------------------------
     0 | D:1      | acebull12 the Demonspawn Gladiator began the quest for the
                  | Orb.
     0 | D:1      | Reached XP level 1. HP: 16/16 MP: 1/1
   132 | D:1      | Found a faded altar of an unknown god.
   140 | D:1      | Prayed at the altar of an unknown god.
   140 | D:1      | Became a worshipper of Ashenzari the Shackled
   284 | D:1      | Discovered your monstrous ancestry.
   284 | D:1      | Gained mutation: You have a pair of small antennae on your
                  | head. [demonic ancestry]
   284 | D:1      | Reached XP level 2. HP: 19/22 MP: 2/2
   495 | D:1      | Found Jir Ser's Antique Weapon Emporium.
   682 | D:1      | Slain by a gnoll

Illustrated notes

Levels and vault maps discovered:
D:1:      wander_arrival_peaceful_grave, layout_loops_ring, serial_shops,
          nicolae_shop_waterfront, shapermc_ecumenical_altar_pompeii,
          dk_noncrumbling_3, nicolae_figureground_pulse

Skill      XL: |  1  2 |
---------------+-------+-----
Polearms       | 3 |  3.1
Dodging        | 3 |  3.0
Fighting       | |  2.1
Throwing       | |  1.9
Armour         | |  0.1

Action                   || total
-------------------------++-------
Melee: Trident           ||    60
       Punch             ||     1
Armor: Ring mail         ||    11
       Leather armour    ||     1
Dodge: Dodged            ||    14

Table legend: (Time is in decaauts)
 A = Elapsed time spent in this place.
 B = Non-inter-level travel time spent in this place.
 C = Inter-level travel time spent in this place.
 D = Time resting spent in this place.
 E = Time spent auto-exploring this place.
 F = Levels seen in this place.
 G = Mean time per level.
                   A        B        C        D        E       F      G
               +--------+--------+--------+--------+--------+-----+--------+
         Total |    691 |    691 |      0 |      0 |    520 |   1 |  691.0 |
       Dungeon |    691 |    691 |      0 |      0 |    520 |   1 |  691.0 |
               +--------+--------+--------+--------+--------+-----+--------+

Top non-repeatable levels by time:
     D:1: 691 daAuts
